 Dungeon Crawl Stone Soup version 0.24-a0-217-g1152973 (console) character file.

Game seed: 11401370160980522476

295 bli the Skirmisher (level 6, -7/53 HPs)
             Began as a Draconian Wanderer on Mar 29, 2019.
             Mangled by Nib's ghost (9 damage)
             ... on level 3 of the Dungeon.
             The game lasted 00:05:20 (1775 turns).

bli the Skirmisher (Draconian Wanderer)             Turns: 1775, Time: 00:05:20

Health: -7/53      AC:  7    Str: 15      XL:     6   Next: 11%
Magic:  6/6        EV: 11    Int: 13      God:
Gold:   89         SH:  0    Dex:  8 (11) Spells: 5/5 levels left

rFire    . . .     SeeInvis .   b - +4 quarterstaff (chaos)
rCold    . . .     Gourm    .   (shield currently unavailable)
rNeg     . . .     Faith    .   (armour unavailable)
rPois    .         Spirit   .   (helmet restricted)
rElec    .         Reflect  .   q - +0 cloak
rCorr    .         Harm     .   (no gloves)
MR       +....                  (no boots)
Stlth    +.........             s - amulet of magic regeneration
HPRegen  0.17/turn              m - ring of protection from magic
MPRegen  0.35/turn              (no ring)

@: no status effects
A: unfitting armour, cold-blooded, AC +6
a: no special abilities


You were on level 3 of the Dungeon.
You were hungry.

You visited 1 branch of the dungeon, and saw 3 of its levels.

You collected 89 gold pieces.

Inventory:

Hand Weapons
 a - a +0 hand crossbow
 b - a +4 quarterstaff of chaos (weapon)
 r - a +1 mace of holy wrath
 u - a +2 short sword of speed
Missiles
 c - 16 bolts
Armour
 q - a +0 cloak (worn)
Jewellery
 m - a ring of protection from magic (left hand)
 s - an amulet of magic regeneration (around neck)
 v - a +5 ring of dexterity
Wands
 o - a wand of paralysis (15)
Scrolls
 d - 3 scrolls of teleportation
 e - 3 scrolls of fog {unknown}
 h - a scroll of fear {unknown}
 i - 3 scrolls of identify {unknown}
 k - a scroll of enchant weapon {unknown}
 l - a scroll of amnesia {unknown}
Potions
 g - a potion of degeneration {unknown}
 j - a potion of curing {unknown}
 n - a potion of lignification {unknown}
 t - a potion of brilliance {unknown}
Comestibles
 f - 4 rations
 p - 12 chunks of flesh


   Skills:
 - Level 4.5 Fighting
   Level 2.0(3.0) Polearms
 + Level 3.5(3.8) Staves
 - Level 4.0 Crossbows
 - Level 1.0 Throwing
 - Level 1.0 Dodging
 - Level 0.7 Stealth
 - Level 1.2 Evocations


You had 5 spell levels left.
You didn't know any spells.
Your spell library was empty.

Dungeon Overview and Level Annotations

Branches:
Dungeon (3/15)

Altars:

Annotations:
D:3 1 transporter, Nib's ghost, amateur GrCK


Innate Abilities, Weirdness & Mutations

Your plain brown scales are hard. (AC +6)
You cannot fit into any form of body armour.
You are cold-blooded and may be slowed by cold attacks.


Message History

Nib's ghost is lightly damaged.
Nib's ghost misses you.
You hit Nib's ghost.
Nib's ghost is moderately damaged.
Nib's ghost hits you!
* * * LOW HITPOINT WARNING * * *
You completely miss Nib's ghost.
Nib's ghost is moderately damaged.
Nib's ghost hits you.
* * * LOW HITPOINT WARNING * * *
You hit Nib's ghost. You burn Nib's ghost.
Nib's ghost is moderately damaged.
Nib's ghost misses you. Nib's ghost hits you.
* * * LOW HITPOINT WARNING * * *
You hit Nib's ghost but do no damage.
You tail-slap Nib's ghost, but do no damage.
Nib's ghost is moderately damaged.
Nib's ghost tries to make a funny facial expression.
Nib's ghost hits you!
You die...

.........#####.# #..........#.#
#..........#[#
#..........#.##...#
#...###......##...# ###
#..##.#####..##...# ...
#..#......##..#...# .# #..
#.##..#....##.#...# .#
###...#.#.#...#...#.#...# ..
......#.#..#.##..##.#...# .#
#....#.##@#5..#.#©.....### .#
#.......#W#.....##...÷.... .#
#......©#)..©# #........
.#######....#..#..#...# #........
<...........#.##.....#.##........
..............#..#.#...#.........
.#####.....#..#..#.#...#......###
..####...#.#..##.......#.........
........ #...###.©.###.###.....
......... ###...#####...# #.....
......... ##........## #.....


You could see Nib's ghost.

Vanquished Creatures
  3 quasits (D:3)
  Crazy Yiuf (D:2)
  Terence (D:2)
  Natasha (twice) (D:3)
  2 adders (D:2)
  A gnoll (D:1)
  2 oozes (D:2)
  A dart slug (D:1)
  2 leopard geckos (D:1)
  4 orcs (D:3)
  A ball python (D:1)
  2 giant cockroaches (D:1)
  3 goblins
  7 hobgoblins (D:1)
  6 jackals
  6 kobolds
  4 bats
  7 frilled lizards
  3 rats (D:3)
58 creatures vanquished.

Notes
Turn   | Place    | Note
-------+----------+-------------------------------------------
     0 | D:1      | bli the Draconian Wanderer began the quest for the Orb.
     0 | D:1      | bli set off with the following items: a +0 hand crossbow, a
                  | wand of paralysis (15), 28 bolts, a scroll of
                  | teleportation, a ration
     0 | D:1      | Reached XP level 1. HP: 19/19 MP: 1/1
    73 | D:1      | Reached XP level 2. HP: 26/26 MP: 2/2
   221 | D:1      | Reached XP level 3. HP: 33/33 MP: 3/3
   943 | D:2      | Reached XP level 4. HP: 15/40 MP: 4/4
  1121 | D:2      | Noticed Terence
  1126 | D:2      | Killed Terence
  1126 | D:2      | Reached skill level 1 in Dodging
  1272 | D:2      | Found a runed translucent door.
  1273 | D:2      | Noticed Crazy Yiuf
  1485 | D:2      | Killed Crazy Yiuf
  1555 | D:3      | Reached XP level 5. HP: 28/47 MP: 5/5
  1557 | D:3      | Noticed Natasha
  1563 | D:3      | Killed Natasha
  1563 | D:3      | Reached skill level 1 in Staves
  1665 | D:3      | Found a transporter.
  1674 | D:3      | Noticed Nib's ghost (amateur GrCK)
  1679 | D:3      | Noticed Natasha
  1687 | D:3      | Killed Natasha
  1727 | D:3      | Found a transporter.
  1764 | D:3      | Reached XP level 6. HP: 33/53 MP: 6/6
  1774 | D:3      | HP: 2/53 [Nib's ghost (2)]
  1775 | D:3      | Mangled by Nib's ghost

Levels and vault maps discovered:
D:1:      dpeg_arrival_pond, layout_basic, minmay_tromino_v4_c
D:2:      layout_loops_ring, lemuel_old_faithful, uniq_crazy_yiuf_cottage,
          uniq_terence
D:3:      layout_basic, gammafunk_ghost_stat_death, roderic_lattice_a,
          uniq_natasha

Skill      XL: |  1  2  3  4  5 |
---------------+----------------+-----
Crossbows      | 3 4 |  4.0
Fighting       | 4 |  4.5
Dodging        | 1 |  1.0
Staves         | 3 |  3.5
Polearms       | |  2.0
Throwing       | |  1.0
Stealth        | |  0.7
Evocations     | |  1.2

Action                   |  1- 3 |  4- 6 || total
-------------------------+-------+-------++-------
Melee: Quarterstaff      |       |    54 ||    54
       Tailslap          |       |     2 ||     2
 Fire: Hand crossbow     |    82 |    23 ||   105
 Stab: Paralysed         |       |     1 ||     1
  Eat: Chunk             |       |     2 ||     2
Armor: Skin              |    10 |    38 ||    48
Dodge: Dodged            |    19 |    39 ||    58

Table legend:
 A = Non-vault XP
 B = Vault XP
 C = Vault XP percentage of total XP
 D = Non-vault monster count
 E = Vault monster count
 F = Vault count percentage of total count
                 A         B        C        D         E       F
            +---------+---------+-------+---------+---------+-------
      Total |     170 |     252 |  59.7 |      50 |       8 |  13.8
            +---------+---------+-------+---------+---------+-------
        D:1 |      55 |       4 |   6.8 |      23 |       2 |   8.0
        D:2 |      59 |      77 |  56.6 |      15 |       2 |  11.8
        D:3 |      56 |     171 |  75.3 |      12 |       4 |  25.0
            +---------+---------+-------+---------+---------+-------
